 Dungeon Crawl Stone Soup version 0.18-a0-1347-gb9e2fb4 (webtiles) character file.

82830 dvd the Grand Gadgeteer (level 15, -8/90 HPs)
             Began as a Deep Dwarf Artificer on Feb 17, 2016.
             Was the Champion of Pakellas.
             Killed from afar by a hellephant (48 damage)
             ... with a blast of flame
             ... on level 3 of the Abyss.
             The game lasted 03:07:16 (20890 turns).

dvd the Grand Gadgeteer (Deep Dwarf Artificer)     Turns: 20890, Time: 03:07:18

Health: -8/90      AC: 23    Str: 12 (14) XL:     15   Next: 30%
Magic:  7/19       EV: 17    Int: 12      God:    Pakellas [******]
Gold:   1635       SH: 25    Dex: 12 (13) Spells: 2 memorised, 14 levels left

rFire  . . .     SeeInvis +     H - +2 war axe (freeze)
rCold  + + .     Gourm    .     P - +4 scale mail {rPois}
rNeg   + . .     Faith    .     J - +8 large shield of Toalluc {rElec Regen+ Dex+2 SInv}
rPois  +         Spirit   .     z - +2 helmet
rElec  +         Dismiss  .     V - +2 cloak {+Inv}
rCorr  .         Reflect  .     a - +2 pair of gloves {archery}
SustAt .         Harm     .     U - +2 pair of boots
MR     +++..     Rnd*Tele +     (no amulet)
Stlth  ++........               D - +6 ring of evasion
                                p - ring of Lithruhut {rC++ MR+ Int+2}

@: non-regenerating, extremely resistant to hostile enchantments, unstealthy
A: damage resistance, recharge devices, blurry vision 2, clumsy 2, deformed
body, deterioration 2, dopey 2, frail 3, low mp 3, negative energy resistance 1,
sense surroundings 2, screaming 2, slow regeneration 3, teleportitis 3, weak 2,
subdued magic 2
a: Device Recharging, Quick Charge, Device Surge, Renounce Religion, Evoke
Invisibility


You were on level 3 of the Abyss.
You worshipped Pakellas.
Pakellas was exalted by your worship.
You were not hungry.

You visited 3 branches of the dungeon, and saw 20 of its levels.
You visited the Abyss 1 time.
You also visited: Labyrinth, Sewer and Ice Cave.

You collected 1635 gold pieces.

Inventory:

Hand Weapons
 v - a +2 whip of electrocution
 H - a +2 war axe of freezing (weapon)
 I - a +1 war axe of chopping
 K - a +3 spear of venom
Armour
 a - a +2 pair of gloves of archery (worn)
 c - a +2 chain mail of cold resistance
 f - a +2 scale mail of fire resistance
 z - a +2 helmet (worn)
 J - the +8 large shield of Toalluc (worn) {rElec Regen+ Dex+2 SInv}
   (You found it on level 3 of the Lair of Beasts)

   It affects your dexterity (+2).
   It insulates you from electricity.
   It lets you see invisible.
   It increases your rate of regeneration.
 L - a +2 chain mail of poison resistance
 P - a +4 scale mail of poison resistance (worn)
 U - a +2 pair of boots (worn)
 V - a +2 cloak of invisibility (worn)
Rods
 S - a +9 lightning rod (10/12)
   (Pakellas gifted it to you on level 10 of the Dungeon)
Jewellery
 h - an uncursed ring of poison resistance
 j - a +4 ring of strength
 p - the ring of Lithruhut (left hand) {rC++ MR+ Int+2}
   (You found it in a labyrinth)

   [ring of protection from magic]

   It affects your intelligence (+2).
   It greatly protects you from cold.
   It affects your resistance to hostile enchantments.
 D - a +6 ring of evasion (right hand)
Wands
 d - a wand of enslavement (3/24)
 t - a wand of digging (19/24)
 u - a wand of confusion (24/48)
 w - a supercharged wand of heal wounds (6/13)
 y - a wand of confusion (16/48)
 E - a wand of iceblast (0/15)
 F - a wand of flame (30/48)
 Q - a wand of teleportation (6/9)
 R - a wand of iceblast (5/15)
 T - a wand of iceblast (8/15)
 W - a wand of lightning (3/15)
 Z - a wand of flame (11/48)
Scrolls
 l - 2 scrolls of teleportation
 n - 4 scrolls of fog
 A - 3 scrolls of remove curse
 G - 14 scrolls of identify
 N - a scroll of enchant armour
Potions
 b - 3 potions of heal wounds
 i - 5 potions of flight
 k - 2 potions of brilliance
 m - 3 potions of curing
 q - a potion of cure mutation
 B - 2 potions of invisibility
 M - 2 potions of magic
Books
 O - a book of Necromancy

   Spells                             Type                      Level
   a - Pain                           Necromancy                   1
   b - Animate Skeleton               Necromancy                   1
   c - Vampiric Draining              Necromancy                   3
   d - Regeneration                   Charms/Necromancy            3
   e - Animate Dead                   Necromancy                   4
   f - Control Undead                 Necromancy                   4
 Y - a book of the Warp

   Spells                             Type                      Level
   a - Recall                         Summoning/Translocation      3
   b - Gell's Gravitas                Hexes/Translocation          3
   c - Force Lance                    Conjuration/Translocation    4
   d - Warp Weapon                    Charms/Translocation         5
   e - Summon Forest                  Summoning/Translocation      5
Miscellaneous
 e - a box of beasts {used: 1}
 x - a lamp of fire (inert)
 X - a phial of floods (inert)
Comestibles
 g - 15 bread rations
 o - 8 meat rations
 r - 18 fruits
 s - 10 beef jerkies
 C - 9 slices of pizza


   Skills:
 + Level 7.1 Fighting
   Level 1.1 Short Blades
 + Level 7.0(8.9) Axes
 + Level 4.8(6.3) Maces & Flails
 + Level 5.3(6.6) Polearms
 + Level 9.9 Armour
 + Level 12.2 Dodging
 - Level 7.1 Stealth
 + Level 13.0 Shields
 + Level 2.1 Spellcasting
 + Level 2.0 Charms
 + Level 0.2 Translocations
 + Level 1.5 Air Magic
 * Level 17.7 Evocations


You had 14 spell levels left.
You knew the following spells:

 Your Spells              Type           Power        Failure   Level  Hunger
a - Repel Missiles        Chrm/Air       #.....       99%         2    ###....
b - Blink                 Tloc           N/A          100%        2    ###....


Dungeon Overview and Level Annotations

Branches:
Dungeon (11/15)            Temple (1/1) D:6            Lair (8/8) D:11
  Swamp (0/4) Lair:6        Snake (0/4) Lair:3        Slime (0/6) Lair:7
    Orc (0/2) D:9

Altars:
Ashenzari
Cheibriados
Dithmenos
Elyvilon
Fedhas
Gozag
Kikubaaqudgha
Makhleb
Nemelex Xobeh
Okawaru
Pakellas
Qazlal
Ru
Sif Muna
Trog
Vehumet
Xom
Yredelemnul
Zin
The Shining One
Beogh
Jiyva
Lugonu

Annotations:
Abyss:3 1 runed door


Innate Abilities, Weirdness & Mutations

You are resistant to damage.
You can recharge devices by infusing magical energy.
You resist negative energy.
You passively map the area around you.
You do not regenerate naturally.
[Scrolls take you longer to read.]
[You are very clumsy. (Dex -4)]
[Armour fits poorly on your strangely shaped body.]
[Your body often deteriorates upon taking damage.]
[You are very dopey. (Int -4)]
[You are extremely frail (-30% HP).]
[Your magical capacity is extremely low (-30% MP).]
[You sometimes yell uncontrollably at your foes.]
[You are often teleported next to monsters.]
[You are very weak. (Str -4)]
[Your spells are easier to cast, but less powerful.]


Message History

You start waiting.
A hellephant comes into view.
You yell at the hellephant!
Press: ? - help, v - describe, . - travel
Here: a hellephant The floor.
Drink which item? (? for menu, Esc to quit)
Okay, then.
Evoke which item? (* to show all) (? for menu, Esc to quit)
Zapping:
R - a wand of iceblast (6/15)
Press: ? - help, Shift-Dir - straight line, f - hellephant
Aim: a hellephant The mass of ice explodes!
The iceblast engulfs the hellephant.
The hellephant is lightly wounded.
This wand has 5 charges left.
The hellephant breathes flames at you. The blast of flame hits you!
Ouch! That really hurt!
You die...
Pakellas says: That's one more possible approach eliminated.

. ##
##...
....
#..#..#
##.Y...#
#@# #
### . #.
## #. ..


You could see a hellephant.

Vanquished Creatures
  A lich (Abyss:3)
  A tentacled starspawn (Abyss:3)
  2 wizards (Abyss:3)
  The ghost of BenSoosneb the Impaler, a journeyman MfGl of Yredelemnul (Lair:7)
  A minotaur (Lab)
  The ghost of BenSoosneb the Impaler, a journeyman MfGl of Okawaru (Lair:1)
  10 hydras
  A rakshasa (Abyss:3)
  A quicksilver dragon skeleton (Abyss:3)
  An alligator (Lair:6)
  7 death yaks
  A thrashing horror (Abyss:3)
  A wretched star (Abyss:3)
  A shock serpent (Lair:7)
  A hill giant (D:11)
  2 necromancers
  A griffon (Lair:7)
  A cyclops (D:11)
  3 ice statues (IceCv)
  8 black mambas
  21 elephants
  An apocalypse crab (Abyss:3)
  Maurice (D:8)
  A centaur skeleton (D:10)
  A smoke demon (Abyss:3)
  8 gargoyles (Lab)
  9 spiny frogs
  7 starcursed masses (Abyss:3)
  16 komodo dragons
  7 ice devils (IceCv)
  2 fire drakes
  2 polar bears
  2 ancient zymes (Abyss:3)
  A troll (D:11)
  Grinder (D:5)
  A raiju (Abyss:3)
  9 blink frogs
  A large abomination (Abyss:3)
  A redback (Lab)
  A spriggan (Lair:7)
  46 yaks
  Sigmund (D:5)
  2 ynoxinuls (Abyss:3)
  A shadow (Lab)
  Eustachio (D:5)
  A vampire (D:10)
  A basilisk (Lair:1)
  A human (D:7)
  A golden eye (D:10)
  8 hippogriffs
  9 hungry ghosts
  13 wolves
  2 chaos spawn (Abyss:3)
  12 water moccasins
  5 hell hounds
  3 nagas (Lair:3)
  Duvessa (D:7)
  11 porcupines
  5 small abominations (Abyss:3)
  3 orc warriors
  3 black bears
  A swamp drake (D:11)
  3 sky beasts
  An ice beast (D:11)
  7 necrophages
  4 phantoms
  An ogre (D:9)
  2 centaurs
  7 crocodiles
  2 big kobolds
  2 wyvern zombies
  10 giant frogs
  A water moccasin skeleton (D:9)
  3 scorpions
  Dowan (D:7)
  8 killer bees
  4 electric eels
  4 crimson imps
  A quasit (D:9)
  2 draconian simulacra (IceCv)
  3 jellies
  6 hounds
  An iron imp (Abyss:3)
  7 orc priests
  9 orc wizards
  9 iguanas
  Terence (D:2)
  8 worker ants
  2 hell rats (Lair:1)
  5 troll simulacra (IceCv)
  A killer bee zombie (D:10)
  6 sheep
  2 centaur simulacra (IceCv)
  A hound zombie (D:10)
  A hound skeleton (D:9)
  15 adders
  A gnoll (D:1)
  40 river rats
  An ogre simulacrum (IceCv)
  3 shadow imps
  A white imp (Abyss:3)
  An ufetubus (Abyss:3)
  2 oozes
  2 adder skeletons
  An adder zombie (D:5)
  4 worms
  6 giant geckos
  40 orcs
  A ball python (D:4)
  6 giant cockroaches
  6 hobgoblins
  17 jackals
  A quokka (D:11)
  A ball python skeleton (D:5)
  9 bats
  3 giant newts
  4 goblins
  A jackal skeleton (D:6)
  15 kobolds
  A quokka zombie (D:9)
  8 rats
  A butterfly (Lair:5)
  3 fungi (Lair:7)
  A starspawn tentacle (Abyss:3)
590 creatures vanquished.

Vanquished Creatures (collateral kills)
  A griffon (Lair:5)
  A spiny frog (Lair:5)
  A yak (Lair:5)
  An ice beast (Abyss:3)
  A giant frog (Lair:5)
  Robin (D:2)
  An orc (D:4)
  A bat (D:1)
  5 goblins (D:2)
  3 hobgoblins (D:2)
16 creatures vanquished.

Vanquished Creatures (others)
  An ice devil (IceCv)
  2 ancient zymes (Abyss:3)
  A silent spectre (Abyss:3)
  A blink frog (Abyss:3)
  A giant gecko (D:1)
  A kobold (D:2)
  64 fungi
  A lurking horror (Abyss:3)
  34 plants
  9 starspawn tentacles (Abyss:3)
  327 starspawn tentacle segments (Abyss:3)
442 creatures vanquished.

Grand Total: 1048 creatures vanquished

Notes
Turn   | Place    | Note
--------------------------------------------------------------
     0 | D:1      | dvd the Deep Dwarf Artificer began the quest for the Orb.
     0 | D:1      | Reached XP level 1. HP: 16/16 MP: 3/3
     8 | D:1      | Reached skill level 1 in Short Blades
     8 | D:1      | Reached XP level 2. HP: 24/24 MP: 5/5
   130 | D:1      | Reached skill level 1 in Fighting
   268 | D:1      | Reached skill level 5 in Evocations
   439 | D:1      | Reached XP level 3. HP: 28/31 MP: 6/6
   697 | D:2      | Noticed Terence
   709 | D:2      | Killed Terence
   832 | D:2      | Noticed Robin
   871 | D:2      | Killed Robin
   871 | D:2      | Reached XP level 4. HP: 29/38 MP: 8/8
   985 | D:2      | Found a bloodstained altar of Trog.
   988 | D:2      | Found a stormy altar of Qazlal.
   990 | D:2      | Found a snail-covered altar of Cheibriados.
  1476 | D:3      | Reached skill level 6 in Evocations
  1718 | D:3      | Reached XP level 5. HP: 27/45 MP: 9/9
  1791 | D:3      | Reached skill level 1 in Armour
  1924 | D:3      | Found a deep blue altar of Sif Muna.
  2016 | D:3      | Found a glowing drain.
  2021 | Sewer    | Entered a sewer
  2036 | Sewer    | Reached skill level 1 in Maces & Flails
  2036 | Sewer    | Reached skill level 1 in Polearms
  2163 | Sewer    | Reached XP level 6. HP: 39/54 MP: 10/10
  2184 | Sewer    | Found a white marble altar of Elyvilon.
  2399 | D:3      | Found an ancient bone altar of Kikubaaqudgha.
  2636 | D:4      | Found a shadowy altar of Dithmenos.
  2801 | D:4      | Reached XP level 7. HP: 44/61 MP: 11/11
  3566 | D:5      | Entered Level 5 of the Dungeon
  3652 | D:5      | Found a sparkling altar of Nemelex Xobeh.
  3816 | D:4      | Found a white marble altar of Elyvilon.
  3836 | D:5      | Noticed Sigmund
  3836 | D:5      | Found an opulent altar of Gozag.
  3861 | D:5      | Killed Sigmund
  3914 | D:5      | Found an iron altar of Okawaru.
  4201 | D:5      | Found an oddly glowing altar of Pakellas.
  4204 | D:5      | Became a worshipper of Pakellas the Inventive
  4492 | D:5      | Noticed Grinder
  4497 | D:5      | Noticed Eustachio
  4513 | D:5      | Killed Grinder
  4513 | D:5      | Reached skill level 5 in Armour
  4513 | D:5      | Reached XP level 8. HP: 20/69 MP: 13/13
  4530 | D:5      | Killed Eustachio
  4530 | D:5      | Reached skill level 5 in Dodging
  4846 | D:6      | Found a staircase to the Ecumenical Temple.
  4894 | Temple   | Entered the Ecumenical Temple
  5084 | D:6      | Learned a level 2 spell: Repel Missiles
  5156 | D:6      | Reached skill level 7 in Evocations
  5156 | D:6      | Reached * piety under Pakellas
  5969 | D:7      | Gained mutation: You passively map the area around you. [Deep Dwarf growth]
  5969 | D:7      | Reached XP level 9. HP: 67/78 MP: 14/14
  6252 | D:7      | Noticed Duvessa
  6252 | D:7      | Noticed Dowan
  6258 | D:7      | Killed Dowan
  6276 | D:7      | Killed Duvessa
  6330 | D:8      | Reached skill level 8 in Evocations
  6401 | D:8      | Reached skill level 1 in Shields
  6595 | D:8      | Reached ** piety under Pakellas
  6595 | D:8      | Received a gift from Pakellas
  6622 | D:8      | Noticed Maurice
  6647 | D:8      | Killed Maurice
  6647 | D:8      | Reached skill level 1 in Axes
  6647 | D:8      | Reached skill level 9 in Evocations
  6740 | D:8      | Found a sacrificial altar of Ru.
  7193 | D:9      | Found a radiant altar of Vehumet.
  7445 | D:9      | Reached XP level 10. HP: 67/85 MP: 6/17
  7462 | D:9      | Found a staircase to the Orcish Mines.
  7474 | D:9      | Found a roughly hewn altar of Beogh.
  7671 | D:9      | Found a basalt altar of Yredelemnul.
  7673 | D:9      | Noticed a profane servitor
  7686 | D:9      | Found a glowing golden altar of the Shining One.
  7688 | D:9      | Noticed an angel
  8248 | D:10     | Entered Level 10 of the Dungeon
  8258 | D:9      | Reached skill level 10 in Evocations
  8278 | D:9      | Reached *** piety under Pakellas
  8373 | D:10     | Reached skill level 5 in Shields
  8791 | D:10     | Reached skill level 11 in Evocations
  9317 | D:10     | Noticed a hill giant
  9350 | D:10     | Reached **** piety under Pakellas
  9350 | D:10     | Received a gift from Pakellas
  9423 | D:10     | Identified a scroll of acquirement
  9696 | D:11     | Reached XP level 11. HP: 64/93 MP: 2/19
  9748 | D:11     | Noticed a hill giant
  9788 | D:11     | Killed a hill giant
  9857 | D:11     | Reached skill level 12 in Evocations
  9977 | D:11     | Reached skill level 5 in Fighting
  9977 | D:11     | Reached skill level 1 in Spellcasting
  9977 | D:11     | Reached skill level 1 in Air Magic
  9977 | D:11     | Reached XP level 12. HP: 54/103 MP: 21/21
 10076 | D:11     | Noticed an eight-headed hydra
 10081 | D:11     | Killed an eight-headed hydra
 10081 | D:11     | Reached skill level 13 in Evocations
 10243 | D:11     | Reached ***** piety under Pakellas
 10244 | D:11     | Noticed a five-headed hydra
 10312 | D:11     | Killed a five-headed hydra
 10393 | D:11     | Reached skill level 10 in Dodging
 10514 | D:11     | Found a staircase to the Lair.
 10613 | Lair:1   | Entered Level 1 of the Lair of Beasts
 10623 | Lair:1   | Reached skill level 14 in Evocations
 10767 | Lair:1   | Noticed BenSoosneb's ghost (journeyman MfGl)
 10780 | Lair:1   | Got a brightly glowing short sword
 10781 | Lair:1   | Identified the +2 short sword of the Lurker {freeze, Int+7} (You found it on level 1 of the Lair of Beasts)
 11239 | Lair:1   | Killed BenSoosneb's ghost
 11598 | Lair:1   | Reached XP level 13. HP: 110/110 MP: 7/24
 11911 | Lair:2   | Reached skill level 15 in Evocations
 11937 | Lair:2   | Reached skill level 5 in Stealth
 12045 | Lair:2   | Learned a level 2 spell: Blink
 12144 | Lair:2   | Found a frozen archway.
 12154 | IceCv    | Entered an ice cave
 13464 | Lair:3   | Reached skill level 5 in Polearms
 13555 | Lair:3   | Found a staircase to the Snake Pit.
 13727 | Lair:3   | Got an encrusted large shield
 13738 | Lair:3   | Identified the +8 large shield of Toalluc {rElec Regen+ Dex+2 SInv} (You found it on level 3 of the Lair of Beasts)
 14970 | Lair:5   | Reached skill level 10 in Shields
 15032 | Lair:5   | Received a gift from Pakellas
 15235 | Lair:5   | Reached skill level 16 in Evocations
 15347 | Lair:5   | Gained mutation: Your movements are slightly less encumbered by armour (ER -2). [potion of mutation]
 15347 | Lair:5   | Gained mutation: [Your body sometimes deteriorates upon taking damage.] [potion of mutation]
 15347 | Lair:5   | Gained mutation: [Your magical capacity is low (-10% MP).] [potion of mutation]
 15348 | Lair:5   | Lost mutation: [Your body sometimes deteriorates upon taking damage.] [potion of cure mutation]
 15348 | Lair:5   | Lost mutation: [Your magical capacity is low (-10% MP).] [potion of cure mutation]
 15348 | Lair:5   | Lost mutation: Your movements are slightly less encumbered by armour (ER -2). [potion of cure mutation]
 15983 | Lair:6   | Reached ****** piety under Pakellas
 15998 | Lair:6   | Identified a supercharged wand of heal wounds (13/13) (supercharged by Pakellas)
 16040 | Lair:6   | Reached skill level 5 in Axes
 16413 | Lair:6   | Found a staircase to the Swamp.
 16439 | Lair:6   | Gained mutation: You resist negative energy. [Deep Dwarf growth]
 16439 | Lair:6   | Reached XP level 14. HP: 62/120 MP: 20/26
 16711 | Lair:7   | Noticed BenSoosneb's ghost (journeyman MfGl)
 16875 | Lair:7   | Killed BenSoosneb's ghost
 17743 | Lair:7   | Found a viscous altar of Jiyva.
 17744 | Lair:7   | Found a staircase to the Slime Pits.
 18206 | Lair:7   | Reached skill level 17 in Evocations
 18463 | Lair:8   | Entered Level 8 of the Lair of Beasts
 18497 | Lair:8   | Found a labyrinth entrance.
 18532 | Lab      | Entered a labyrinth
 19849 | Lab      | Got a crude bronze ring
 19851 | Lab      | Identified the ring of Lithruhut {rC++ MR+ Int+2} (You found it in a labyrinth)
 19890 | Lair:8   | Cast into level 3 of the Abyss (a distortion unwield)
 19935 | Abyss:3  | Noticed a tentacled starspawn
 19993 | Abyss:3  | Reached XP level 15. HP: 115/129 MP: 10/27
 19994 | Abyss:3  | Found a corrupted altar of Lugonu.
 20014 | Abyss:3  | Found a corrupted altar of Lugonu.
 20075 | Abyss:3  | Noticed a tentacled starspawn
 20120 | Abyss:3  | Noticed a tentacled starspawn
 20138 | Abyss:3  | Killed a tentacled starspawn
 20199 | Abyss:3  | Noticed a profane servitor
 20237 | Abyss:3  | Found a runed door.
 20247 | Abyss:3  | Paralysed by accursed screaming for 2 turns
 20252 | Abyss:3  | Noticed a tentacled starspawn
 20355 | Abyss:3  | Paralysed by accursed screaming for 1 turns
 20483 | Abyss:3  | Noticed a lich
 20506 | Abyss:3  | Killed a lich
 20713 | Abyss:3  | Noticed a tentacled starspawn
 20778 | Abyss:3  | Noticed a bone dragon
 20890 | Abyss:3  | Noticed a hellephant
 20890 | Abyss:3  | Killed from afar by a hellephant

Vault maps used:
D:1:      minmay_arrival_four_houses, minmay_misc_feat_five, minivault_24
D:2:      grunt_temple_overflow_open, uniq_terence, uniq_robin
D:3:      lemuel_round_altar, nicolae_overflow_hidden_temple,
          portal_sewer_entry_e
D:4:      lemuel_upstairs_altar, first_bread, serial_glass, glass_columns_b,
          glass_columns_b, glass_columns_a, glass_columns_b,
          grunt_dithmenos_shadows
D:5:      overflow_temple_1_default, nemelex_xobeh_ov_fountains_minmay,
          nicolae_gozag_cash_rules_everything_around_me, kennysheep_mini,
          minmay_tree_intersection, hex_intersection, uniq_sigmund,
          uniq_eustachio, uniq_grinder
D:6:      minmay_temple_entry_water_ring
D:7:      kennysheep_diamond, grunt_livestock, uniq_duvessa
D:8:      nicolae_ru_path_of_blood, uniq_maurice
D:9:      grunt_temple_overflow_holy_war, vehumet_altar_wand_db,
          minmay_orc_entry_temple_small
D:11:     erik_lair_dragon
Temple:   corrupted_temple
Lair:1:   kennysheep_rathole, guppyfry_lair_drakes, grunt_megastairs_2
Lair:2:   portal_ice_cave_entry_pillars_02, serial_bayou_lagoon_a,
          grunt_megastairs_5, infiniplex_staircase_pool, serial_bayou_shore_a
Lair:3:   minmay_snake_entry_guardpost_small, roderic_carrion_pond,
          lemuel_fruit_fields
Lair:4:   lemuel_fruit_tree
Lair:5:   grunt_megastairs_3, lemuel_fruit_fields
Lair:6:   swamp_mist, serial_bayou_lake_a
Lair:7:   mu_elephants_graveyard, dpeg_slime_entry_enclosed_altar,
          grunt_forest_stairs_clearing
Lair:8:   hangedman_lair_tendril_chambers, lab_entry_generic, st_stairs_11,
          small_statue_intersection
Abyss:3:  nicolae_abyss_rune_more_like_crabyss, hangedman_abyss_mock_shop
Lab:      nicolae_lab_garden, nicolae_lab_plus, nicolae_lab_flowing_pool,
          nicolae_lab_very_dead_end, labyrinth_skeletal_remains,
          nicolae_lab_starburst, nicolae_lab_checkerboard, nicolae_lab_lava,
          lab_hedge, lab_fountain, lab_statue
Sewer:    sewer_kobolds
IceCv:    ice_cave_tombish

Action                   |  1- 3 |  4- 6 |  7- 9 | 10-12 | 13-15 || total
-------------------------+-------+-------+-------+-------+-------++-------
Melee: Short sword       |    23 |       |       |       |       ||    23
       Whip              |    54 |    25 |    99 |   131 |   258 ||   567
       Spear             |       |   200 |   256 |   274 |   402 ||  1132
       War axe           |       |       |    18 |   101 |   687 ||   806
       Flail             |       |       |     8 |     6 |    30 ||    44
Throw: Tomahawk          |       |       |       |     1 |       ||     1
 Cast: Repel Missiles    |       |       |     2 |     1 |       ||     3
Invok: Quick Charge      |       |       |     3 |     7 |    17 ||    27
       Device Surge      |       |       |       |     2 |     7 ||     9
       Supercharge       |       |       |       |       |     1 ||     1
Evoke: Wand              |    30 |    10 |    54 |    90 |   158 ||   342
       Rod               |       |       |       |    63 |   121 ||   184
       Phial of floods   |       |       |       |       |     2 ||     2
       Lamp of fire      |       |       |       |       |     1 ||     1
       Box of beasts     |       |       |       |       |     1 ||     1
  Use: Scroll            |       |     7 |    12 |     7 |    14 ||    40
       Potion            |       |     4 |     9 |     6 |    14 ||    33
 Stab: Sleeping          |       |       |     3 |     2 |     3 ||     8
       Distracted        |       |       |       |     2 |     1 ||     3
       Paralysed         |       |       |       |       |    43 ||    43
       Invisible         |       |       |       |       |    33 ||    33
       Confused          |       |       |       |       |     3 ||     3
  Eat: Chunk             |       |     7 |    19 |    17 |    23 ||    66
       Pizza             |       |       |       |       |     4 ||     4
       Royal jelly       |       |       |       |       |     3 ||     3
       Beef jerky        |       |       |       |       |     2 ||     2
       Meat ration       |       |       |       |       |     2 ||     2
